 Dungeon Crawl Stone Soup version 0.23-a0-650-ga4d50d4 (console) character file.

158 Duffy the Firebug (level 5, 36/36 HPs)
             Began as a Demonspawn Fire Elementalist on Jan 2, 2019.
             Quit the game on level 3 of the Dungeon.
             The game lasted 00:04:25 (3320 turns).

Duffy the Firebug (Demonspawn Fire Elementalist)    Turns: 3320, Time: 00:04:25

Health: 36/36      AC:  3    Str:  8    XL:     5   Next: 16%
Magic:  3/9        EV: 12    Int: 17    God:
Gold:   88         SH:  0    Dex: 14    Spells: 2/10 levels left

rFire    . . .     SeeInvis .   d - +1 spear (pierce)
rCold    . . .     Gourm    .   (no shield)
rNeg     . . .     Faith    .   a - +0 robe
rPois    .         Spirit   .   (no helmet)
rElec    .         Reflect  .   (no cloak)
rCorr    .         Harm     .   (no gloves)
MR       .....                  (no boots)
Stlth    +++.......             (no amulet)
HPRegen  0.12/turn              (no ring)
MPRegen  0.11/turn              (no ring)

@: no status effects
A: hooves 1, rugged brown scales 1, nightstalker 1, rot immunity
a: no special abilities


You were on level 3 of the Dungeon.
You were not hungry.

You visited 1 branch of the dungeon, and saw 4 of its levels.

You collected 88 gold pieces.

Inventory:

Hand Weapons
 b - a +1 spear of flaming
 d - a +1 spear of piercing (weapon)
Armour
 a - a +0 robe (worn)
 o - a +0 buckler
Scrolls
 f - a scroll of noise {unknown}
 j - 2 scrolls of amnesia {unknown}
 k - 3 scrolls of remove curse {unknown}
 l - 5 scrolls of identify {unknown}
Potions
 e - 4 potions of curing {unknown}
 g - a potion of heal wounds {unknown}
 h - 3 potions of magic {unknown}
 m - a potion of invisibility {unknown}
 n - a potion of agility {unknown}
Comestibles
 c - 5 rations
 i - 3 chunks of flesh


   Skills:
 - Level 1.7 Dodging
 - Level 1.7 Stealth
 + Level 3.2 Spellcasting
 + Level 3.0 Conjurations
 + Level 3.8 Fire Magic


You had 2 spell levels left.
You knew the following spells:

 Your Spells              Type           Power        Failure   Level  Hunger
h - Flame Tongue          Conj/Fire      ##...        4%          1    None
j - Sticky Flame          Conj/Fire      ##......     38%         4    ####...
l - Conjure Flame         Conj/Fire      ##......     13%         3    ###....

Your spell library contained the following spells:

 Spells                   Type           Power        Failure   Level  Hunger
 Throw Flame              Conj/Fire      ##....       6%          2    ##.....
 Inner Flame              Hex/Fire       #.......     24%         3    ###....
 Fireball                 Conj/Fire      ##........   75%         5    ######.


Dungeon Overview and Level Annotations

Branches:
Dungeon (4/15)
 Temple: D:4-7

Altars:
Ashenzari


Innate Abilities, Weirdness & Mutations

You have large cloven feet.
You are partially covered in rugged brown scales. (AC +1, +3% HP)
You are slightly more attuned to the shadows.
You are immune to rotting.


Message History

Casting: Flame Tongue (safe; 4% risk of failure)
Confirm with . or Enter, or press ? or * to list all spells.
Aiming: Flame Tongue (safe; 4% risk of failure)
Press: ? - help, Shift-Dir - straight line, f/p - orc priest
Aim: an orc priest, wielding a +0 battleaxe (heavily wounded)
The flame tongue hits the orc priest.
The orc priest is heavily wounded.
The orc priest is too close now for your liking.
Casting: Flame Tongue (safe; 4% risk of failure)
Confirm with . or Enter, or press ? or * to list all spells.
Aiming: Flame Tongue (safe; 4% risk of failure)
Press: ? - help, Shift-Dir - straight line, f/p - orc priest
Aim: an orc priest, wielding a +0 battleaxe (heavily wounded)
The flame tongue hits the orc priest.
You kill the orc priest!
Your Conjurations skill increases to level 3!
You have reached level 5!
Your demonic ancestry asserts itself...
You feel immune to rotting.
Are you sure you want to abandon this character and quit the game? (Confirm

.# #.......# # #.# ## #.......#
#.#.# #.......# .... #.#.# ####
##.....## ....# #.... ...# ##...##
...# #. #.... ##.##
####'#######'#######'####.#.. ##..#
#....................5..#.##.
###.###.........................##.
# #..............@............#.##.
####.#####'#######'#######'####.##.
......###...## #.%.# #. #.##.
.####.##..%..###o.)..# #.... .##
#.#.......#....)..# #....
..###.#.......#.......# #....
....#.#...)...#....(..# #....
......##.....###.....## ##....
.####..##...## ##.....


There were no monsters in sight!

Vanquished Creatures
  An orc priest (D:3)
  An orc wizard (D:3)
  3 adders
  2 worms
  3 dart slugs
  2 leopard geckos (D:3)
  2 orcs
  A ball python (D:1)
  9 bats
  3 giant cockroaches
  4 goblins
  8 hobgoblins
  2 quokkas (D:2)
  4 frilled lizards
  6 kobolds
  9 rats
60 creatures vanquished.

Notes
Turn   | Place    | Note
-------+----------+-------------------------------------------
     0 | D:1      | Duffy the Demonspawn Fire Elementalist began the quest for
                  | the Orb.
     0 | D:1      | Reached XP level 1. HP: 13/13 MP: 3/3
   264 | D:1      | Gained mutation: You have large cloven feet. [demonic
                  | ancestry]
   264 | D:1      | Reached XP level 2. HP: 19/19 MP: 5/5
   933 | D:2      | Found a shattered altar of Ashenzari.
  1035 | D:2      | Gained mutation: You are slightly more attuned to the
                  | shadows. [demonic ancestry]
  1035 | D:2      | Reached XP level 3. HP: 16/24 MP: 6/6
  1159 | D:2      | Learned a level 3 spell: Conjure Flame
  2127 | D:3      | Gained mutation: You are partially covered in rugged brown
                  | scales. (AC +1, +3% HP) [demonic ancestry]
  2127 | D:3      | Reached XP level 4. HP: 24/30 MP: 6/8
  2291 | D:3      | Learned a level 4 spell: Sticky Flame
  3319 | D:3      | Gained mutation: You are immune to rotting. [demonic
                  | ancestry]
  3319 | D:3      | Reached XP level 5. HP: 36/36 MP: 3/9
  3320 | D:3      | Quit the game

Vault maps used:
D:1:      shiori_arrival_oz, st_stairs_8, minmay_split_cup_small
D:2:      ashenzari_altar_1, first_ration
D:3:      kennysheep_six_static_rooms, minmay_fractal_squares_diagonal_5
D:4:      uniq_eustachio, uniq_menkaure

Skill      XL: |  1  2  3  4 |
---------------+-------------+-----
Fire Magic     | 3 |  3.8
Conjurations   | 2 3 |  3.0
Spellcasting   | 3 |  3.2
Dodging        | |  1.7
Stealth        | |  1.7

Action                   |  1- 3 |  4- 6 || total
-------------------------+-------+-------++-------
Melee: Spear             |    96 |    73 ||   169
       Kick              |     6 |     8 ||    14
 Cast: Flame Tongue      |    20 |    39 ||    59
       Conjure Flame     |     2 |     1 ||     3
 Stab: Sleeping          |     7 |     1 ||     8
  Eat: Chunk             |     4 |     4 ||     8
Armor: Robe              |    30 |    18 ||    48
Dodge: Dodged            |    53 |    37 ||    90

Table legend:
 A = Non-vault XP
 B = Vault XP
 C = Vault XP percentage of total XP
 D = Non-vault monster count
 E = Vault monster count
 F = Vault count percentage of total count
                 A         B        C        D         E       F
            +---------+---------+-------+---------+---------+-------
      Total |     195 |      32 |  14.1 |      45 |      15 |  25.0
            +---------+---------+-------+---------+---------+-------
        D:1 |      27 |       6 |  18.2 |      13 |       5 |  27.8
        D:2 |      43 |       0 |   0.0 |      15 |       0 |   0.0
        D:3 |     125 |      26 |  17.2 |      17 |      10 |  37.0
            +---------+---------+-------+---------+---------+-------
